 Dungeon Crawl Stone Soup version 0.30-a0-857-gcaf70739d4 (webtiles) character file.

Game seed: 9522950620357588133

44 Demosthentine the Poker (level 3, 0/28 HPs)
             Began as a Demonspawn Gladiator on Mar 5, 2023.
             Was an Initiate of Hepliaklqana.
             Slain by a phantom (5 damage)
             ... on level 4 of the Dungeon.
             The game lasted 00:01:59 (1142 turns).

Demosthentine the Poker (Demonspawn Gladiator)      Turns: 1142, Time: 00:02:00

Health: 0/28       AC:  9    Str: 16    XL:     3   Next: 39%
Magic:  3/3        EV: 12    Int: 15    God:    Hepliaklqana [......]
Gold:   63         SH:  0    Dex: 14    Spells: 2/2 levels left

rFire   . . .      SeeInvis .    a - +0 trident
rCold   . . .      Faith    .    (no shield)
rNeg    . . .      Spirit   .    b - +0 leather armour
rPois   .          Reflect  .    c - +0 helmet
rElec   .          Rampage  .    g - +0 cloak
rCorr   .                        h - +1 pair of gloves
Will    .....                    (no boots)
Stlth   +                        (no amulet)
HPRegen 0.24/turn                i - +6 ring of intelligence
MPRegen 0.16/turn                (no ring)

@: hasted, very quick
A: slimy green scales 1, magic regeneration
a: Renounce Religion


You were on level 4 of the Dungeon.
You worshipped Hepliaklqana.
Hepliaklqana was noncommittal.
You visited 2 branches of the dungeon, and saw 4 of its levels.

You collected 63 gold pieces.

Inventory:

Hand Weapons
 a - a +0 trident (weapon)
Missiles
 d - 3 throwing nets (quivered)
 e - 3 javelins
Armour
 b - a +0 leather armour (worn)
 c - a +0 helmet (worn)
 g - a +0 cloak (worn)
 h - a +1 pair of gloves (worn)
Jewellery
 i - a +6 ring of intelligence (left hand)
Scrolls
 j - a scroll of teleportation


   Skills:
 + Level 2.5 Fighting
 + Level 3.1 Polearms
 - Level 1.7 Throwing
 + Level 1.2 Armour
 + Level 3.1 Dodging


You had 2 spell levels left.
You didn't know any spells.
Your spell library contained the following spells:

 Spells                   Type           Power      Damage    Failure   Level
 Shock                    Conj/Air       0%         1d3       32%         1
 Swiftness                Air            0%         N/A       69%         3
 Airstrike                Air            0%         2d(0-16)  97%         4


Dungeon Overview and Level Annotations

Branches:
Dungeon (4/15)             Temple (1/1) D:4

Altars:
Ashenzari
Cheibriados
Dithmenos
Hepliaklqana
Kikubaaqudgha
Makhleb
Nemelex Xobeh
Okawaru
Qazlal
Sif Muna
Trog
Uskayaw
Wu Jian
Xom
Yredelemnul


Innate Abilities, Weirdness & Mutations

You are partially covered in slimy green scales. (AC +2)
You regenerate magic rapidly.


Message History

The orc hits you but does no damage. The phantom closely misses you.
You completely miss the orc.
The orc is almost dead.
The phantom hits you.
The phantom blinks!
You blink.
The orc suddenly roars, in orcish tradition.
You are too injured to fight recklessly!
You are too injured to fight recklessly!
You hit the phantom but do no damage. The phantom hits you.
You puncture the phantom!
The phantom is moderately damaged.
The phantom completely misses you. The phantom hits you.
* * * LOW HITPOINT WARNING * * *
The phantom blinks!
You blink.
The phantom misses you.
You barely miss the phantom.
The phantom is moderately damaged.
The phantom hits you but does no damage.
The orc barely misses you.
You hit the phantom.
The phantom is heavily damaged.
The orc closely misses you. The phantom barely misses you.
You hit the phantom but do no damage.
The phantom is heavily damaged.
The phantom hits you but does no damage.
The orc hits you but does no damage.
You hit the phantom.
The phantom is severely damaged.
The phantom barely misses you. The orc closely misses you.
You hit the phantom.
The phantom is severely damaged.
The orc hits you but does no damage. The phantom hits you.
* * * LOW HITPOINT WARNING * * *
You barely miss the phantom.
You punch the phantom, but do no damage.
The phantom is severely damaged.
The orc barely misses you.
The phantom hits you but does no damage. x2
The orc closely misses you.
It was a potion of haste.
You feel yourself speed up. The phantom hits you.
You die...

.. .......####... ..#.
...... #.....
####.####..^.....#.....
.##.#..#................#
..........# .(.....###..#
.........###.#....###..##
#............#.....#.###
##.....oW..........#..#
........@............##
...............#....##
...............#.....#
...........#.......###
...#..............##
..................#
.......##....##...#
...>..#.......#.......
...#.##..............#


You could see a phantom and an orc.

Vanquished Creatures
  An adder (D:4)
  2 dart slugs
  3 endoplasms
  4 goblins
  2 hobgoblins
  5 jackals (D:1)
  3 quokkas
  2 ball pythons (D:4)
  A bat (D:1)
  A frilled lizard (D:1)
  A kobold (D:1)
  2 rats (D:1)
27 creatures vanquished.

Notes
Turn   | Place    | Note
-------+----------+-------------------------------------------
     0 | D:1      | Demosthentine the Demonspawn Gladiator began the quest for
                  | the Orb.
     0 | D:1      | Reached XP level 1. HP: 16/16 MP: 1/1
   169 | D:1      | Gained mutation: You are partially covered in slimy green
                  | scales. (AC +2) [demonic ancestry]
   169 | D:1      | Reached XP level 2. HP: 22/22 MP: 2/2
   840 | D:2      | Reached skill level 1 in Armour
   849 | D:2      | Gained mutation: You regenerate magic rapidly. [demonic
                  | ancestry]
   849 | D:2      | Reached XP level 3. HP: 17/28 MP: 3/3
   894 | D:2      | You fall into a shaft and drop 2 floors!
   894 | D:4      | Found a staircase to the Ecumenical Temple.
   912 | Temple   | Entered the Ecumenical Temple
   999 | Temple   | Became a worshipper of Hepliaklqana the Forgotten
  1058 | D:4      | Found an ornate altar of the Wu Jian Council.
  1121 | D:4      | Noticed a phantom
  1142 | D:4      | Slain by a phantom

Illustrated notes

Levels and vault maps discovered:
D:1:      minmay_arrival_diagonal_passages, layout_basic
D:2:      kb_forest_paths, layout_basic, nicolae_ecumenical_lake_church
D:4:      layout_cave_pools, kennysheep_mini, minmay_temple_entry_stoned_glass,
          serial_shops, nicolae_shop_bloodbath_and_beyond,
          cheibrodos_sewer_entry_bend
Temple:   eino_temple_scatter_basement

Skill      XL: |  1  2 |
---------------+-------+-----
Polearms       | 3 |  3.1
Dodging        | 3 |  3.1
Armour         | 1 |  1.2
Fighting       | |  2.5
Throwing       | |  1.7

Action                     || total
---------------------------++-------
  Melee: Trident           ||   116
         Punch             ||     1
    Use: Scroll            ||     2
         Potion            ||     1
 Armour: Leather armour    ||    43
  Dodge: Dodged            ||    85

Table legend: (Time is in decaauts)
 A = Elapsed time spent in this place.
 B = Non-inter-level travel time spent in this place.
 C = Inter-level travel time spent in this place.
 D = Time resting spent in this place.
 E = Time spent auto-exploring this place.
 F = Levels seen in this place.
 G = Mean time per level.
                   A        B        C        D        E       F      G
               +--------+--------+--------+--------+--------+-----+--------+
         Total |   1159 |   1139 |     20 |      0 |    803 |   4 |  289.8 |
       Dungeon |   1053 |   1033 |     20 |      0 |    734 |   3 |  351.0 |
        Temple |    105 |    105 |      0 |      0 |     69 |   1 |  105.0 |
               +--------+--------+--------+--------+--------+-----+--------+

Top non-repeatable levels by time:
     D:1: 830 daAuts
     D:4: 147 daAuts
  Temple: 105 daAuts
     D:2: 75 daAuts
